 Dungeon Crawl Stone Soup version 0.31-a0-216-g22e908daa7 (webtiles) character file.

Game seed: 4822199002524575629

60 qw the Shooter (level 4, 0/26 HPs)
             Began as a Gargoyle Hexslinger on July 2, 2023.
             Was an Initiate of Okawaru.
             Slain by a phantom (3 damage)
             ... on level 4 of the Dungeon.
             The game lasted 00:00:36 (1350 turns).

qw the Shooter (Gargoyle Hexslinger)                Turns: 1350, Time: 00:00:37

Health: 0/26       AC:  8    Str: 12    XL:     4   Next: 4%
Magic:  5/5        EV: 10    Int: 13    God:    Okawaru [......]
Gold:   30         SH:  0    Dex: 14    Spells: 4/5 levels left

rFire   . . .        Y - +2 sling
rCold   . . .        (no shield)
rNeg    + . .        g - +0 ring mail
rPois   inf          (no helmet)
rElec   +            (no cloak)
rCorr   .            (no gloves)
SInv    .            (no boots)
Will    .....        (no amulet)
Stlth   +            (no ring)
HPRegen 0.24/turn    (no ring)
MPRegen 0.09/turn

%: no passive effects
@: no status effects
A: sickness immunity, AC +3, negative energy resistance 1, electricity
resistance, torment resistance 1, petrification resistance
a: Renounce Religion


You were on level 4 of the Dungeon.
You worshipped Okawaru.
Okawaru was noncommittal.
You visited 1 branch of the dungeon, and saw 3 of its levels.

You collected 30 gold pieces.


Innate Abilities, Weirdness & Mutations

You are immune to sickness and miasma.
Your stone body is resilient. (AC +3)
You are immune to poison.
You resist negative energy. (rN+)
You are resistant to electric shocks. (rElec)
You are resistant to unholy torment.
You are immune to petrification.


   Skills:
 - Level 2.0 Fighting
 + Level 3.8 Ranged Weapons
 - Level 1.5 Dodging
 - Level 1.0 Spellcasting
 - Level 2.6 Hexes


You had 4 spell levels left.
You knew the following spells:

 Your Spells              Type           Power      Damage    Failure   Level
a - Slow                  Hex            28%        N/A       22%         1

Your spell library contained the following spells:

 Spells                   Type           Power      Damage    Failure   Level
 Inner Flame              Hex/Fire       4%         N/A       73%         3
 Portal Projectile        Hex/Tloc       8%         N/A       73%         3
 Cause Fear               Hex            3%         N/A       91%         4

Inventory:

Hand Weapons
 Y - a +2 sling (weapon)
Armour
 g - a +0 ring mail (worn)
 h - a +0 pair of gloves
Potions
 a - a potion of heal wounds {unknown}
 b - a potion of might {unknown}

Dungeon Overview and Level Annotations

Branches:
Dungeon (2/15)

Altars:
Okawaru

Shops:
D:2 [


Message History

The phantom hits you but does no damage.
You shoot a sling bullet.
The sling bullet barely misses the phantom.
The kobold throws a stone.
The stone closely misses you. The phantom hits you.
The phantom hits you but does no damage.
You shoot a sling bullet.
The sling bullet hits the phantom but does no damage.
The phantom is moderately damaged.
The phantom barely misses you.
You shoot a sling bullet. The sling bullet hits the phantom.
The phantom is heavily damaged.
The phantom hits you.
The kobold throws a stone.
The stone barely misses you.
You shoot a sling bullet. The sling bullet misses the phantom.
The phantom closely misses you.
The phantom hits you but does no damage.
You shoot a sling bullet.
The sling bullet closely misses the phantom.
The phantom hits you.
You shoot a sling bullet. The sling bullet hits the phantom.
The phantom is heavily damaged.
The kobold hits you with a +0 short sword.
The phantom barely misses you.
You shoot a sling bullet. The sling bullet hits the phantom.
The phantom is heavily damaged.
The kobold hits you but does no damage. The phantom hits you.
The kobold closely misses you. The phantom barely misses you.
You shoot a sling bullet.
The sling bullet closely misses the phantom.
The phantom hits you.
The phantom blinks!
You blink.
Found 2 stones.
You shoot a sling bullet. The sling bullet misses the phantom.
The sling bullet closely misses the kobold.
The phantom barely misses you.
You shoot a sling bullet. The sling bullet misses the phantom.
The sling bullet barely misses the kobold.
The phantom completely misses you.
The phantom hits you but does no damage.
You shoot a sling bullet. The sling bullet hits the phantom.
The phantom is severely damaged.
The phantom hits you.
You die...

.. #. ... ... .. ..
...###. .##
.......##..### ..
.(...........## .# #
..............##.##..
..............#......
.......@K.........#..
..###...W.....!..!...
#..........>...#
................#
#........:......##
.................#
.#................#
................##
...??.........##


You could see a phantom and a kobold.

Vanquished Creatures
  An adder (D:2)
  2 dart slugs
  3 ball pythons
  5 endoplasms
  4 goblins
  6 hobgoblins
  3 jackals (D:1)
  4 kobolds
  A quokka (D:1)
  6 bats
  3 frilled lizards
  2 rats (D:1)
40 creatures vanquished.

Notes
Turn   | Place    | Note
-------+----------+-------------------------------------------
     0 | D:1      | qw the Gargoyle Hexslinger began the quest for the Orb.
     0 | D:1      | Reached XP level 1. HP: 12/12 MP: 2/2
     0 | D:1      | 0 ||| qw: Version: 0.3-a-35-g05ef00e
     0 | D:1      | 0 ||| qw: Game counter: 7848
     0 | D:1      | 0 ||| qw: Melee chars always use a shield: true
     0 | D:1      | 0 ||| qw: God list: Okawaru
     0 | D:1      | 0 ||| qw: Allow faded altars: false
     0 | D:1      | 0 ||| qw: Do Orc after clearing Dungeon:15 true
     0 | D:1      | 0 ||| qw: Do second Lair branch before Depths: true
     0 | D:1      | 0 ||| qw: Lair rune preference: random
     0 | D:1      | 0 ||| qw: Goals: Normal
     0 | D:1      | 0 ||| PLANNING D:1-11
    64 | D:1      | Reached XP level 2. HP: 16/16 MP: 3/3
   141 | D:1      | Reached skill level 3 in Ranged Weapons
   162 | D:1      | HP: 4/16 [jackal (2)]
   330 | D:1      | 330 ||| FLEEEEING.
   331 | D:1      | 331 ||| FLEEEEING.
   332 | D:1      | 332 ||| FLEEEEING.
   499 | D:1      | Reached XP level 3. HP: 17/21 MP: 4/4
   518 | D:1      | Found a faded altar of an unknown god.
   929 | D:1      | 929 ||| UPGRADING to +0 leather armour.
   939 | D:1      | 939 ||| DROPPING +0 robe.
   940 | D:1      | 940 ||| UPGRADING to +0 ring mail.
   950 | D:1      | 950 ||| DROPPING +0 leather armour.
   951 | D:1      | 951 ||| READING scroll labelled HELLAAMUITZ.
   952 | D:1      | 952 ||| READING scroll labelled COWNI AQOCW.
   953 | D:1      | 953 ||| READING scroll labelled KAINUOB HIAST.
   954 | D:1      | 954 ||| DROPPING scroll of poison.
  1052 | D:2      | Found an iron altar of Okawaru.
  1053 | D:2      | 1053 ||| PLANNING OKAWARU WORSHIP
  1054 | D:2      | 1054 ||| READING scroll labelled FALUUM YRIBRUPEXA.
  1064 | D:2      | Became a worshipper of Warmaster Okawaru
  1065 | D:2      | 1065 ||| PLANNING D:1-11
  1245 | D:2      | Found Poubuit's Antique Armour Emporium.
  1299 | D:2      | Reached XP level 4. HP: 26/26 MP: 5/5
  1308 | D:2      | You fall into a shaft and drop 2 floors!
  1326 | D:4      | Noticed a phantom
  1346 | D:4      | HP: 3/26 [phantom (5)]
  1350 | D:4      | Slain by a phantom

Levels and vault maps discovered:
D:1:      dpeg_arrival_stone_temple_mockup, layout_basic,
          dilly_ecumenical_altar_fadedgnrine, minmay_misc_feat_hallway
D:2:      layout_loops_ring, serial_shops, nicolae_diamond_shop, basic_altar
D:4:      layout_cave_pools, nzn_wu_jian_contemplation,
          mainiacjoe_overflow_tiny_flanked, roderic_roman_lattice,
          corexii_hall_statues_x, uniq_ijyb

Skill      XL: |  1  2 |
---------------+-------+-----
Ranged Weapons | 3 |  3.8
Fighting       | 2 |  2.0
Dodging        | |  1.5
Spellcasting   | |  1.0
Hexes          | |  2.6

Action                     |  1- 3 |  4- 6 || total
---------------------------+-------+-------++-------
   Fire: Sling             |   131 |    26 ||   157
    Use: Scroll            |     4 |       ||     4
 Armour: Robe              |    21 |       ||    21
         Ring mail         |     2 |    12 ||    14
  Dodge: Dodged            |    37 |    17 ||    54

Table legend:
 A = Non-vault XP
 B = Vault XP
 C = Vault XP percentage of total XP
 D = Non-vault monster count
 E = Vault monster count
 F = Vault count percentage of total count
                 A         B        C        D         E       F
            +---------+---------+-------+---------+---------+-------
      Total |      86 |       0 |   0.0 |      40 |       0 |   0.0
            +---------+---------+-------+---------+---------+-------
        D:1 |      49 |       0 |   0.0 |      27 |       0 |   0.0
        D:2 |      34 |       0 |   0.0 |      11 |       0 |   0.0
        D:4 |       3 |       0 |   0.0 |       2 |       0 |   0.0
            +---------+---------+-------+---------+---------+-------
